 Dungeon Sprint DCSS version 0.22-a0-456-g11ed031 (webtiles) character file.

3341 Kidiri the Blocker (level 9, -4/92 HPs)
             Began as a Minotaur Fighter on June 7, 2018.
             Was an Elder of Okawaru.
             Slain by a shadow wraith (6 damage)
             ... in the Dungeon (Sprint VII: "The Pits").
             The game lasted 00:06:18 (986 turns).

Kidiri the Blocker (Minotaur Fighter)                Turns: 986, Time: 00:06:19

Health: -4/92      AC: 18    Str: 23    XL:     9   Next: 72%
Magic:  8/8        EV: 13    Int:  8    God:    Okawaru [****..]
Gold:   0          SH: 13    Dex: 11    Spells: 8/8 levels left

rFire    . . .     SeeInvis .   a - +4 long sword (flame)
rCold    . . .     Gourm    .   c - +0 shield
rNeg     . . .     Faith    .   b - +3 plate armour
rPois    .         Spirit   .   (helmet restricted)
rElec    .         Reflect  .   (no cloak)
rCorr    .         Harm     .   (no gloves)
MR       .....     NoTele   +   (no boots)
Stlth    ..........             (no amulet)
HPRegen  0.25/turn              s - +3 ring of intelligence
MPRegen  0.11/turn              t - +3 ring of evasion

@: slowed, very slow
A: retaliatory headbutt, horns 2
a: Heroism, Renounce Religion


You were in the Dungeon.
You worshipped Okawaru.
Okawaru was greatly pleased with you.
You were hungry.

You visited 1 branch

Inventory:

Hand Weapons
 a - a +4 long sword of flaming (weapon)
Armour
 b - a +3 plate armour (worn)
 c - a +0 shield (worn)
Jewellery
 s - a +3 ring of intelligence (left hand)
 t - a +3 ring of evasion (right hand)
Wands
 r - a wand of iceblast (4)
Scrolls
 k - a scroll of blinking
 n - 3 scrolls of remove curse
 o - 5 scrolls of amnesia
 p - a scroll of summoning
Potions
 d - a potion of might
 e - 8 potions of curing
 g - 14 potions of heal wounds
 h - a potion of haste
 i - 4 potions of magic
 j - 3 potions of berserk rage
 m - 2 potions of invisibility
 q - a potion of degeneration {unknown}
 u - a potion of brilliance
 v - a potion of agility
Comestibles
 f - 9 rations
 l - a chunk of flesh


   Skills:
 * Level 12.9 Fighting
 * Level 12.7 Long Blades
 * Level 12.9 Armour
 + Level 8.4 Dodging
 * Level 13.0 Shields


You had 8 spell levels left.
You didn't know any spells.
Your spell library was empty.

Dungeon Overview and Level Annotations

Branches:
Dungeon (1/1)

Altars:
Ashenzari
Cheibriados
Dithmenos
Elyvilon
Fedhas
Gozag
Hepliaklqana
Kikubaaqudgha
Makhleb
Nemelex Xobeh
Okawaru
Qazlal
Ru
Sif Muna
Trog
Uskayaw
Vehumet
Wu Jian
Xom
Yredelemnul
Zin
The Shining One
Beogh
Jiyva
Lugonu

Annotations:
D exclusion: 4 doors


Innate Abilities, Weirdness & Mutations

You reflexively headbutt those who attack you in melee.
You have a pair of horns on your head.


Message History

Your plate armour prevents you from hitting something.
You headbutt something. Something hits you. Something drains your vigour!
You feel as though you will be slow longer.
You hit something. You burn something. You headbutt something!
Something hits you.
You slice something!! You burn something!
Something hits you but does no damage.
You hit something. You burn something. Something barely misses you.
Something hits you but does no damage.
You miss something. Your headbutt misses something.
You block something's attack.
You barely miss something. Something hits you!
* * * LOW HITPOINT WARNING * * *
You hit something. You burn something. Something hits you!
* * * LOW HITPOINT WARNING * * *
You are feeling hungry.
You miss something. Something hits you!
* * * LOW HITPOINT WARNING * * *
Something hits you.
You die...

..##................#
#+#####+#####''######
÷.##.......##''#####
..##.......##..)...+ .+
####.......##......+..+
..##...<...##.....##..##
..##.......##...###....#
..##.......##..##.......
####.......##++#@..#..#.
..###########..{†.......
.############++#.).#..#.
)#....#..[[##.t##.......
+#....#..[[##... ##....#
.+....+..))##... #..##
+#....#..))###... ..+
÷#....#[.))# ###. .+
############ ##


There were no monsters in sight!

Vanquished Creatures
  Erica (D)
  Pikel (D)
  A komodo dragon (D)
  A freezing wraith (D)
  A guardian mummy (D)
  A redback (D)
  A spriggan (D)
  A shadow (D)
  A wraith (D)
  A hungry ghost (D)
  A warg (D)
  2 water moccasins (D)
  A floating eye (D)
  2 slaves (D)
  A wolf (D)
  2 big kobolds (D)
  A gnoll sergeant (D)
  An iron imp (D)
  An adder (D)
  4 gnolls (D)
  A river rat (D)
  A white imp (D)
  An ooze (D)
  A leopard gecko (D)
  An orc (D)
  2 bats (D)
  A bat zombie (D)
  A hobgoblin (D)
  A quokka (D)
  A frilled lizard (D)
  A leopard gecko zombie (D)
  A rat (D)
39 creatures vanquished.

Vanquished Creatures (others)
  A blizzard demon (D)
  2 slaves (D)
  2 necrophages (D)
5 creatures vanquished.

Grand Total: 44 creatures vanquished

Notes
Turn   | Place    | Note
-------+----------+-------------------------------------------
     0 | D        | Kidiri the Minotaur Fighter began the quest for the Orb.
     0 | D        | Reached XP level 1. HP: 19/19 MP: 0/0
    65 | D        | Found a bloodstained altar of Trog.
    65 | D        | Found a deep blue altar of Sif Muna.
    65 | D        | Found a viscous altar of Jiyva.
    65 | D        | Found a hazy altar of Hepliaklqana.
    65 | D        | Found an opulent altar of Gozag.
    66 | D        | Found a glowing golden altar of the Shining One.
    66 | D        | Found a glowing silver altar of Zin.
    66 | D        | Found a basalt altar of Yredelemnul.
    66 | D        | Found a shimmering altar of Xom.
    66 | D        | Found an ornate altar of the Wu Jian Council.
    66 | D        | Found a sacrificial altar of Ru.
    66 | D        | Found a stormy altar of Qazlal.
    66 | D        | Found an iron altar of Okawaru.
    66 | D        | Found a sparkling altar of Nemelex Xobeh.
    66 | D        | Found a burning altar of Makhleb.
    66 | D        | Found a blossoming altar of Fedhas.
    66 | D        | Found a white marble altar of Elyvilon.
    66 | D        | Found a shadowy altar of Dithmenos.
    66 | D        | Found a snail-covered altar of Cheibriados.
    68 | D        | Found a radiant altar of Vehumet.
    68 | D        | Found a corrupted altar of Lugonu.
    68 | D        | Found a roughly hewn altar of Beogh.
    69 | D        | Found a hide-covered altar of Uskayaw.
    69 | D        | Found an ancient bone altar of Kikubaaqudgha.
    69 | D        | Found a shattered altar of Ashenzari.
    74 | D        | Became a worshipper of Warmaster Okawaru
    93 | D        | Killed a necrophage
    96 | D        | Reached skill level 4 in Shields
   117 | D        | Reached skill level 1 in Dodging
   132 | D        | Noticed a floating eye
   133 | D        | Noticed a big kobold
   134 | D        | Reached XP level 2. HP: 28/28 MP: 1/1
   135 | D        | Killed a floating eye
   135 | D        | Reached * piety under Okawaru
   135 | D        | Reached skill level 5 in Long Blades
   135 | D        | Reached skill level 6 in Shields
   135 | D        | Reached XP level 3. HP: 38/38 MP: 2/2
   135 | D        | Reached XP level 4. HP: 45/45 MP: 3/3
   150 | D        | Killed a big kobold
   150 | D        | Reached skill level 7 in Shields
   150 | D        | Reached XP level 5. HP: 39/52 MP: 4/4
   285 | D        | Noticed a water moccasin
   285 | D        | Noticed a slave
   287 | D        | Noticed Pikel
   293 | D        | Killed a water moccasin
   293 | D        | Reached skill level 8 in Shields
   293 | D        | Reached XP level 6. HP: 49/61 MP: 2/5
   295 | D        | Killed a slave
   297 | D        | Noticed a warg
   298 | D        | Noticed a slave
   305 | D        | Killed Pikel
   305 | D        | Reached ** piety under Okawaru
   305 | D        | Reached skill level 10 in Fighting
   305 | D        | Reached skill level 10 in Armour
   305 | D        | Reached skill level 5 in Dodging
   305 | D        | Reached skill level 9 in Shields
   305 | D        | Reached XP level 7. HP: 33/72 MP: 3/6
   309 | D        | Reached skill level 10 in Long Blades
   309 | D        | Reached skill level 10 in Shields
   571 | D        | Noticed a hungry ghost
   574 | D        | Killed a hungry ghost
   574 | D        | Reached XP level 8. HP: 81/81 MP: 4/7
   642 | D        | Noticed a guardian mummy
   655 | D        | Reached *** piety under Okawaru
   655 | D        | Reached skill level 11 in Shields
   661 | D        | Killed a guardian mummy
   794 | D        | Noticed Erica
   810 | D        | Killed Erica
   810 | D        | Reached **** piety under Okawaru
   810 | D        | Reached skill level 12 in Shields
   810 | D        | Reached XP level 9. HP: 56/90 MP: 6/8
   831 | D        | Killed a blizzard demon
   937 | D        | Noticed a freezing wraith
   940 | D        | Noticed a komodo dragon
   947 | D        | Killed a freezing wraith
   964 | D        | Killed a komodo dragon
   964 | D        | Reached skill level 13 in Shields
   986 | D        | HP: 2/92 [something (8)]
   986 | D        | Slain by a shadow wraith

Vault maps used:
D:        pitsprint

Skill      XL: |  1  2  3  4  5  6  7  8  9 |
---------------+----------------------------+-----
Fighting       | 4 6 7 8 10 12 | 12.9
Long Blades    | 3 5 6 7 9 10 12 | 12.7
Armour         | 4 6 7 8 10 12 | 12.9
Shields        | 4 6 7 8 9 10 12 13 | 13.0
Dodging        | 1 3 4 5 6 7 8 |  8.4

Action                   |  1- 3 |  4- 6 |  7- 9 || total
-------------------------+-------+-------+-------++-------
Melee: Falchion          |    11 |    15 |       ||    26
       Headbutt          |     4 |     7 |    20 ||    31
       Long sword        |     3 |    18 |    96 ||   117
Invok: Heroism           |       |     1 |     7 ||     8
  Eat: Chunk             |       |       |     1 ||     1
Armor: Scale mail        |     8 |     2 |     4 ||    14
       Plate armour      |       |       |    17 ||    17
Dodge: Dodged            |     3 |     4 |    21 ||    28
Block: Shield            |     9 |    15 |    58 ||    82
       Rpst.: Long sword |       |       |     5 ||     5

Table legend:
 A = Spawn XP
 B = Non-spawn XP
 C = Spawn XP percentage of total XP
 D = Spawn monster count
 E = Non-spawn monster count
 F = Spawn count percentage of total count
 G = Total turns spent on level
                    A         B        C        D         E        F      G
               +---------+---------+-------+---------+---------+-------+---------
         Total |       0 |    4773 |   0.0 |       0 |      37 |   0.0 |   986
               +---------+---------+-------+---------+---------+-------+---------
             D |       0 |    4773 |   0.0 |       0 |      37 |   0.0 |   986
               +---------+---------+-------+---------+---------+-------+---------
